Map: Blackpink LE

Players

Lillekanin

  • Race: Terran Terran
  • Spawn Location: 7:00

Zanster - Winner!

  • Race: Zerg Zerg
  • Spawn Location: 1:00

Event: WCS Leipzig 2018

VOD

Have the link to the VOD?

Description

Time

  • Played on: Jan. 26, 2018, 11:01 a.m.
  • Length: 13:07

All games in this series

Show
View Real Time Build Order
Export as new Build Order

Lillekanin Terran 

Build Orders: Hellion Banshee, Mech 

Get SALT Encoding   

  12  0:00  SCV  
  13  0:12  SCV  
  14  0:17  Supply Depot  
  14  0:24  SCV  
  15  0:30  Refinery  
  15  0:39  SCV  
  16  0:45  Barracks  
  16  0:51  SCV  
  17  1:03  SCV  
  18  1:15  SCV  
  20  1:34  Orbital Command, Reaper  
  20  1:45  Command Center  
  20  1:58  Factory  
  20  2:01  SCV  
  20  2:10  Barracks Reactor  
  20  2:13  SCV  
  21  2:18  Supply Depot  
  21  2:21  Refinery  
  21  2:25  SCV  
  22  2:37  SCV  
  23  2:49  SCV, Starport  
  24  2:52  Hellion  
  24  2:58  Barracks Tech Lab  
  26  2:59  Hellion  
  26  3:01  SCV  
  26  3:03  Orbital Command  
  29  3:13  SCV  
  29  3:14  Hellion  
  32  3:20  Hellion  
  34  3:27  SCV  
  34  3:30  SCV  
  36  3:38  Medivac  
  36  3:39  SCV  
  39  3:42  SCV  
  40  3:50  Marine  
  40  3:51  SCV, Cloaking Field  
  40  3:52  Supply Depot  
  40  3:54  SCV  
  43  3:58  Supply Depot  
  43  4:03  SCV  
  43  4:06  SCV  
  45  4:14  Banshee  
  45  4:15  Hellion x2, SCV  
  51  4:36  SCV, Hellion  
  54  4:41  Hellion  
  54  4:43  SCV  
  57  4:48  SCV  
  58  4:53  Command Center  
  58  4:55  SCV  
  59  5:00  SCV  
  59  5:01  Supply Depot  
  59  5:07  Viking  
  62  5:18  SCV x2  
  64  5:22  Armory x2  
  64  5:30  SCV x2  
  64  5:32  Factory  
  64  5:33  Barracks Tech Lab  
  64  5:35  Factory  
  66  5:42  SCV x2  
  68  5:45  Banshee  
  71  5:54  SCV x2  
  70  6:05  Refinery x2  
  70  6:06  SCV x2  
  73  6:13  Orbital Command  
  73  6:18  SCV x2, Terran Vehicle Weapons Level 1  
  74  6:19  Terran Vehicle And Ship Armor Level 1  
  74  6:27  Factory Tech Lab  
  74  6:30  SCV x2  
  76  6:33  Supply Depot  
  76  6:37  Siege Tank  
  76  6:39  Orbital Command  
  79  6:42  SCV x2, Command Center  
  75  6:49  Siege Tank  
  76  6:54  SCV x2  
  76  6:58  Hellion x2  
  82  7:05  Banshee  
  82  7:06  SCV x2  
  86  7:08  SCV  
  86  7:11  Refinery  
  86  7:12  Refinery  
  86  7:18  SCV x2  
  86  7:20  SCV  
  89  7:26  Siege Tank x2  
  95  7:31  SCV x2  
  95  7:34  SCV, Supply Depot x2  
  95  7:35  Engineering Bay  
  95  7:36  Supply Depot  
  98  7:38  Supply Depot  
  98  7:43  SCV  
  97  7:44  Hellion  
  97  7:47  SCV  
  97  7:48  SCV  
  98  7:54  Supply Depot  
  98  7:55  SCV  
  98  7:58  Siege Tank x2  
  105  7:59  SCV  
  105  8:02  Hellion  
  110  8:05  Hellion  
  95  8:22  Orbital Command  
  95  8:23  Hellion  
  94  8:27  Hellion  
  94  8:30  Siege Tank x2  
  99  8:45  Hellion, SCV  
  99  8:46  SCV  
  105  8:48  Hellion  
  105  8:50  Planetary Fortress  
  105  9:00  Missile Turret  
  105  9:02  Siege Tank x2  
  111  9:08  Missile Turret  
  111  9:12  Refinery  
  111  9:15  Factory x2  
  111  9:18  Missile Turret  
  111  9:20  Refinery, SCV, Missile Turret  
  111  9:21  SCV x2  
  114  9:27  Hellion x2  
  118  9:34  Thor, Siege Tank  
  118  9:38  Hellion x4  
  127  9:48  Hellion x2  
  124  9:55  Refinery  
  120  10:03  Terran Vehicle Weapons Level 2  
  120  10:04  Starport  
  118  10:07  Command Center  
  114  10:18  Factory Tech Lab x2  
  114  10:24  Infernal Pre-Igniter  
  101  10:36  SCV  
  101  10:40  Hellion  
  101  10:47  Supply Depot  
  101  10:48  Supply Depot, Terran Vehicle And Ship Armor Level 2  
  101  10:59  Supply Depot x2  
  101  11:02  Supply Depot  
  101  11:04  Supply Depot  
  101  11:07  Viking, Siege Tank x2  
  101  11:09  SCV, Hellion, Siege Tank  
  115  11:12  Engineering Bay  
  113  11:28  SCV  
  113  11:30  Siege Tank  
  115  11:37  Viking  
  121  11:40  Hellion x2  
  121  11:41  Hellion  
  121  11:42  Missile Turret  
  121  11:43  Missile Turret  
  121  11:44  Planetary Fortress, Sensor Tower  
  123  11:54  Viking  
  123  11:56  Missile Turret  
  123  11:57  SCV  
  129  12:01  Hellion x2  
  129  12:03  Hellion  
  129  12:06  Siege Tank  
  129  12:07  Viking  
  99  12:22  Hellion x2  
  99  12:24  Viking, Siege Tank  
  99  12:27  Refinery  
  104  12:34  Hellion  
  104  12:36  Hellion x2  
  112  12:44  Hellion  
Show
View Real Time Build Order
Export as new Build Order

Zanster Zerg - Winner!

Build Orders: Pool First 

Get SALT Encoding   

  12  0:00  Drone  
  13  0:14  Overlord  
  13  0:17  Drone  
  14  0:32  Drone x2  
  16  0:36  Drone  
  17  0:47  Spawning Pool, Drone  
  17  0:57  Drone  
  17  1:02  Extractor  
  17  1:10  Drone  
  18  1:17  Hatchery  
  17  1:19  Drone  
  18  1:29  Drone  
  19  1:34  Queen  
  21  1:40  Zergling x2  
  22  1:51  Overlord  
  22  2:05  Metabolic Boost  
  22  2:10  Drone, Queen  
  22  2:12  Drone  
  26  2:23  Drone  
  26  2:29  Queen  
  30  2:30  Drone  
  30  2:37  Drone  
  30  2:43  Hatchery  
  30  2:44  Drone  
  31  2:46  Drone  
  31  2:49  Drone  
  31  2:51  Drone  
  34  2:55  Overlord  
  34  2:57  Drone  
  35  3:01  Drone  
  35  3:04  Overlord  
  36  3:20  Zergling x16  
  44  3:29  Drone  
  44  3:30  Drone  
  46  3:36  Overlord  
  46  3:41  Drone  
  46  3:45  Drone  
  48  3:51  Drone x2  
  48  3:52  Drone x2, Overlord  
  48  3:54  Queen  
  54  3:56  Drone x3  
  54  4:01  Queen  
  60  4:02  Drone  
  60  4:06  Drone  
  61  4:10  Zergling x2  
  61  4:13  Lair  
  62  4:19  Zergling x10  
  62  4:21  Overlord  
  65  4:25  Drone x3  
  65  4:27  Drone  
  68  4:31  Drone x2  
  68  4:36  Extractor  
  69  4:38  Roach Warren  
  69  4:39  Extractor  
  69  4:40  Drone  
  69  4:45  Drone x2  
  70  4:48  Spore Crawler  
  70  4:49  Spore Crawler x2  
  67  4:53  Drone x3  
  67  4:59  Overlord  
  71  5:00  Drone x2  
  72  5:07  Drone  
  72  5:09  Drone, Overlord  
  72  5:10  Overlord  
  73  5:19  Glial Reconstitution  
  73  5:21  Roach x3  
  77  5:23  Overlord  
  77  5:25  Extractor, Roach  
  77  5:28  Drone x5  
  81  5:35  Evolution Chamber  
  84  5:37  Drone, Evolution Chamber  
  84  5:38  Drone x4  
  84  5:40  Overseer  
  87  5:44  Drone x2  
  87  5:49  Drone  
  91  5:50  Drone x2  
  91  5:56  Overlord  
  90  5:59  Extractor  
  90  6:01  Drone x2, Extractor  
  90  6:04  Drone x2  
  91  6:09  Zerg Missile Weapons Level 1  
  91  6:10  Zerg Ground Armor Level 1  
  91  6:11  Drone  
  93  6:12  Drone, Hatchery  
  93  6:13  Drone  
  93  6:16  Roach  
  93  6:17  Roach  
  98  6:22  Roach  
  98  6:23  Roach x2  
  98  6:24  Overlord  
  104  6:27  Drone  
  104  6:29  Drone  
  105  6:35  Overlord x4  
  105  6:45  Roach x5  
  105  6:47  Overlord  
  112  6:52  Roach  
  112  6:53  Roach x2  
  118  6:54  Roach  
  118  6:55  Roach  
  118  6:56  Roach  
  123  7:03  Roach  
  123  7:04  Roach  
  123  7:07  Roach  
  123  7:08  Roach x3  
  133  7:09  Ravager x2  
  133  7:10  Ravager x2  
  133  7:12  Roach x2  
  141  7:16  Roach x2  
  141  7:17  Roach  
  141  7:19  Overlord  
  147  7:34  Drone, Infestation Pit  
  147  7:35  Drone x5  
  147  7:36  Hydralisk Den  
  151  7:39  Drone x2  
  151  7:43  Drone  
  154  7:45  Drone x4  
  154  7:46  Drone  
  154  7:47  Extractor  
  154  7:48  Extractor  
  154  7:50  Hatchery  
  156  7:52  Overlord  
  156  7:53  Drone x3  
  156  7:54  Drone  
  156  7:56  Overlord  
  158  8:10  Roach x9  
  155  8:28  Muscular Augments, Hive  
  155  8:32  Hydralisk x9  
  165  8:40  Hydralisk x4  
  169  8:45  Spore Crawler  
  169  8:48  Hydralisk x2  
  167  8:53  Drone x8  
  177  8:57  Zerg Missile Weapons Level 2, Overlord  
  177  8:58  Overlord  
  177  9:04  Zerg Ground Armor Level 2  
  177  9:07  Roach x3  
  183  9:11  Overlord  
  183  9:21  Roach x8  
  198  9:36  Pneumatized Carapace  
  190  9:55  Spine Crawler  
  190  9:57  Hydralisk, Spore Crawler  
  190  9:58  Spine Crawler, Hydralisk x8  
  199  10:17  Evolution Chamber  
  183  10:36  Viper x5  
  186  10:46  Extractor  
  186  10:47  Extractor  
  184  10:55  Hatchery  
  184  10:56  Zerg Melee Weapons Level 1  
  183  10:57  Zergling x22  
  183  10:58  Zergling x10  
  183  11:01  Overseer  
  183  11:02  Overseer  
  199  11:04  Hatchery  
  199  11:07  Zergling x2  
  199  11:16  Hatchery  
  198  11:36  Spire  
  198  11:38  Spire  
  152  12:08  Hydralisk x6  
  152  12:09  Roach, Hydralisk x8  
  164  12:21  Hydralisk  
  164  12:22  Roach, Hydralisk x16  
  173  12:28  Zergling x2  
  173  12:29  Zergling x18  
  193  12:40  Zergling x10  
Tags
 
Add a new tag
Caveats
  • Supply blocks, unpowered buildings, or Contaminate may cause inaccurate times.
  • Supply counts are checked every 10 seconds.